 Dungeon Crawl Stone Soup version 0.27-a0-1438-g9b7c6745da (webtiles) character file.

Game seed: 2594149832583153422

938 2tc the Grappler (level 7, -13/52 HPs)
             Began as a Yellow Draconian Transmuter on July 4, 2021.
             Was a Believer of Uskayaw.
             Mangled by an orc warrior (20 damage)
             ... on level 6 of the Dungeon.
             The game lasted 00:14:08 (6204 turns).

2tc the Grappler (Yellow Draconian Transmuter)      Turns: 6204, Time: 00:14:08

Health: -13/52     AC:  7    Str: 14    XL:     7   Next: 87%
Magic:  3/10       EV: 12    Int: 20    God:    Uskayaw [**....]
Gold:   176        SH:  0    Dex: 11    Spells: 3/10 levels left

rFire    . . .     SeeInvis .     - Unarmed
rCold    . . .     Faith    .   (no shield)
rNeg     . . .     Spirit   .   (armour unavailable)
rPois    .         Reflect  .   (helmet currently unavailable)
rElec    .         Harm     .   (no cloak)
rCorr    +         Rampage  .   i - +0 pair of gloves
Will     .....                  (boots currently unavailable)
Stlth    +.........             (no amulet)
HPRegen  0.17/turn              e - +6 ring of intelligence
MPRegen  0.12/turn              (no ring)

@: short of breath, appendages, wereblooded
A: horns 2, talons 2, spit acid, AC +6, unfitting armour, cold-blooded, acid
resistance
a: Breathe Acid, End Transformation, Renounce Religion, Stomp, Line Pass


You were on level 6 of the Dungeon.
You worshipped Uskayaw.
Uskayaw was noncommittal.
You had temporarily grown beastly horns and talons.
You visited 1 branch of the dungeon, and saw 6 of its levels.

You collected 176 gold pieces.

Inventory:

Armour
 c - a +0 pair of boots (melded)
 i - a +0 pair of gloves (worn)
Jewellery
 a - a ring of fire
 e - a +6 ring of intelligence (left hand)
Scrolls
 d - 5 scrolls of identify
 g - a scroll of fog
 h - 2 scrolls of enchant weapon
Potions
 b - a potion of magic
 f - a potion of curing


   Skills:
 - Level 1.1 Fighting
 - Level 1.7 Dodging
 - Level 9.0 Unarmed Combat
 - Level 2.0 Spellcasting
 + Level 3.9 Transmutations


You had 3 spell levels left.
You knew the following spells:

 Your Spells              Type           Power      Damage    Failure   Level
a - Beastly Appendage     Tmut           34%        N/A       3%          1
b - Wereblood             Tmut           17%        N/A       4%          2
c - Ice Form              Ice/Tmut       9%         N/A       56%         4

Your spell library contained the following spells:

 Spells                   Type           Power      Damage    Failure   Level
 Sting                    Tmut/Pois      36%        1d4       7%          1
 Magic Dart               Conj           8%         1d3       16%         1
 Spider Form              Tmut/Pois      4%         N/A       22%         3
 Call Imp                 Summ           2%         N/A       24%         2
 Poisonous Vapours        Pois/Air       4%         N/A       24%         2
 Sublimation of Blood     Necr           1%         N/A       24%         2
 Mephitic Cloud           Conj/Pois/Air  2%         N/A       43%         3
 Olgreb's Toxic Radiance  Pois           2%         N/A       83%         4
 Summon Hydra             Summ           1%         N/A       100%        7


Dungeon Overview and Level Annotations

Branches:
Dungeon (6/15)
 Temple: D:4-7

Altars:
Uskayaw
Wu Jian
Yredelemnul

Shops:
D:1 :   D:2 (

Annotations:
D:4 3 runed translucent doors, philipeq's ghost, amateur DsFi


Innate Abilities, Weirdness & Mutations

You have temporarily grown beastly horns and talons.
You can spit globs of acid.
Your golden yellow scales are hard. (AC +6)
You cannot fit into any form of body armour.
You are cold-blooded and may be slowed by cold attacks.
You are resistant to acid. (rCorr)


Message History

Casting: Wereblood (safe; 5% risk of failure)
Confirm with . or Enter, or press ? or * to list all spells.
Your blood is infused with primal strength.
Unknown command.
You punch the orc priest! You claw the orc priest.
The orc priest is severely wounded.
You hit the orc priest.
You kill the orc priest!
You can now pass through a line of other dancers.
The orc warrior hits you with a +0 dire flail!
Things that are here:
a +0 whip; an orc corpse You closely miss the orc warrior.
Your headbutt misses the orc warrior. You punch the orc warrior!
The orc warrior is moderately wounded.
The orc warrior hits you with a +0 dire flail!
Press: ? - help, Shift-Dir - straight line, f - orc warrior
Aim: an orc warrior, wielding a +0 dire flail and wearing a +0 plate armour (moderately wounded)
You spit a glob of acid.
The glob of acid hits the orc warrior but does no damage.
The orc warrior is moderately wounded.
The acid splashes onto the orc wizard!
The orc wizard is splashed with acid.
The acid corrodes the orc wizard!
The orc warrior barely misses you.
Your magical contamination has completely faded away.
Uskayaw will force your foes to helplessly watch your dance.
Uskayaw prepares the audience for your solo!
The helpless orc warrior fails to defend itself.
You hit the orc warrior but do no damage.
You claw the orc warrior. You headbutt the orc warrior.
The orc warrior is heavily wounded.
The phantom is no longer paralysed.
The orc warrior is no longer paralysed.
The orc wizard is no longer paralysed.
The orc warrior hits you with a +0 dire flail!
* * * LOW HITPOINT WARNING * * *
You stomp with the beat, sending a shockwave through the revellers around you!
The orc warrior is severely wounded.
The orc wizard is severely wounded.
The orc is no longer paralysed.
The orc wizard hits you but does no damage.
The orc warrior hits you with a +0 dire flail!!
You die...

#.. ##..................
#..##...................
#..#....................
#.......................
#.)....................$
#.............(.........
#.......................
#.......................
#...............@o......
#...............oW......
#.................o.....
#.......................
#.......................
........................
........................
........................
..........


You could see an orc warrior, a phantom, an orc wizard (corroded) and an orc.

Vanquished Creatures
  A water moccasin (D:5)
  An orc warrior (D:4)
  A black bear (D:4)
  A centaur (D:5)
  An ogre (D:4)
  2 bullfrog skeletons
  A centaur skeleton (D:6)
  An orc priest (D:6)
  A hound (D:4)
  A jelly (D:4)
  A scorpion zombie (D:4)
  An orc wizard (D:4)
  3 gnolls (D:4)
  A howler monkey skeleton (D:5)
  12 adders
  An adder zombie (D:4)
  2 worms (D:2)
  2 dart slugs
  6 orcs
  3 endoplasms
  4 giant cockroaches
  12 goblins
  9 hobgoblins
  15 jackals
  5 kobolds
  4 quokkas
  7 ball pythons
  3 bats
  2 frilled lizards
  7 rats
111 creatures vanquished.

Notes
Turn   | Place    | Note
-------+----------+-------------------------------------------
     0 | D:1      | 2tc the Draconian Transmuter began the quest for the Orb.
     0 | D:1      | Reached XP level 1. HP: 16/16 MP: 3/3
   345 | D:1      | Reached XP level 2. HP: 23/23 MP: 3/5
   354 | D:1      | Learned a level 2 spell: Wereblood
   717 | D:1      | Found Igoaf's Book Shoppe.
   732 | D:1      | Reached skill level 4 in Unarmed Combat
  1239 | D:1      | Reached XP level 3. HP: 28/28 MP: 4/6
  1874 | D:2      | Found Essis's Antique Weapon Emporium.
  1895 | D:2      | Reached XP level 4. HP: 28/35 MP: 5/7
  2073 | D:2      | Reached skill level 5 in Unarmed Combat
  2173 | D:2      | Found a faded altar of an unknown god.
  2179 | D:2      | Became a worshipper of Uskayaw the Reveller
  2179 | D:2      | Reached * piety under Uskayaw
  2339 | D:2      | Reached ** piety under Uskayaw
  3179 | D:3      | Reached XP level 5. HP: 34/40 MP: 6/8
  3291 | D:3      | Found an ornate altar of the Wu Jian Council.
  3792 | D:4      | Noticed a black bear
  3809 | D:4      | Noticed an ogre
  3863 | D:4      | Reached skill level 6 in Unarmed Combat
  3906 | D:4      | Reached *** piety under Uskayaw
  3958 | D:4      | Killed an ogre
  3959 | D:4      | Reached XP level 6. HP: 35/47 MP: 9/9
  4274 | D:4      | Reached skill level 7 in Unarmed Combat
  4606 | D:4      | Found a runed translucent gate.
  4606 | D:4      | Found a runed translucent gate.
  4606 | D:4      | Found a runed translucent gate.
  4606 | D:4      | Noticed philipeq's ghost (amateur DsFi)
  4608 | D:4      | Found a basalt altar of Yredelemnul.
  4757 | D:5      | Entered Level 5 of the Dungeon
  4757 | D:5      | Noticed an orc warrior
  4781 | D:4      | Killed an orc warrior
  4782 | D:4      | Reached skill level 8 in Unarmed Combat
  4782 | D:4      | Your scales start taking on a golden yellow colour.
  4782 | D:4      | Reached XP level 7. HP: 17/52 MP: 8/10
  4782 | D:4      | Gained mutation: You are resistant to acid. (rCorr) [Yellow
                  | Draconian growth]
  4784 | D:4      | Reached **** piety under Uskayaw
  5024 | D:4      | Learned a level 4 spell: Ice Form
  5558 | D:5      | Reached skill level 9 in Unarmed Combat
  6042 | D:6      | Noticed a two-headed ogre
  6204 | D:6      | Mangled by an orc warrior

Illustrated notes

Levels and vault maps discovered:
D:1:      minmay_arrival_four_circles, layout_basic, serial_shops,
          nicolae_shop_waterfront, corexii_corridor_pit
D:2:      minmay_chambers_of_twos, layout_basic, basic_ecumenical_altar,
          serial_shops, shop_statue, minmay_goblin_outpost
D:3:      layout_loops_ring, pdpol_wu_jian_five_deadly_venoms,
          nicolae_overflow_hidden_temple, kennysheep_generic_room_12
D:4:      layout_rooms, nicolae_yredelemnul_ghost_church
D:5:      layout_cave_pools
D:6:      layout_layer_cave, temple_statues

Skill      XL: |  1  2  3  4  5  6  7 |
---------------+----------------------+-----
Unarmed Combat | 4 5 6 8 9 |  9.0
Transmutations | 3 |  3.9
Fighting       | |  1.1
Dodging        | |  1.7
Spellcasting   | |  2.0

Action                   |  1- 3 |  4- 6 |  7- 9 || total
-------------------------+-------+-------+-------++-------
Melee: Unarmed           |   100 |   182 |    54 ||   336
       Kick              |    15 |    22 |     6 ||    43
       Tailslap          |    12 |    12 |     6 ||    30
       Headbutt          |     9 |    11 |     4 ||    24
       Punch             |       |     3 |     6 ||     9
 Cast: Beastly Appendage |    22 |    28 |     4 ||    54
       Wereblood         |     2 |     5 |     3 ||    10
Invok: Stomp             |       |       |     1 ||     1
 Abil: Breathe Acid      |       |       |     5 ||     5
  Use: Scroll            |     4 |     2 |     3 ||     9
       Potion            |       |     6 |     1 ||     7
 Stab: Sleeping          |       |     2 |       ||     2
       Paralysed         |       |     2 |     1 ||     3
Armor: Skin              |    32 |    45 |    18 ||    95
Dodge: Dodged            |    72 |   125 |    32 ||   229

Table legend: (Time is in decaauts)
 A = Elapsed time spent in this place.
 B = Non-inter-level travel time spent in this place.
 C = Inter-level travel time spent in this place.
 D = Time resting spent in this place.
 E = Time spent auto-exploring this place.
 F = Levels seen in this place.
 G = Mean time per level.
                   A        B        C        D        E       F      G
               +--------+--------+--------+--------+--------+-----+--------+
         Total |   6185 |   5842 |    343 |    556 |   4449 |   6 | 1030.8 |
       Dungeon |   6185 |   5842 |    343 |    556 |   4449 |   6 | 1030.8 |
               +--------+--------+--------+--------+--------+-----+--------+

Top non-repeatable levels by time:
     D:2: 1472 daAuts
     D:1: 1324 daAuts
     D:4: 1289 daAuts
     D:3: 1029 daAuts
     D:5: 937 daAuts
     D:6: 133 daAuts
